 Dungeon Crawl Stone Soup version 0.26-a0-712-ga5a9c9c9d0 (webtiles) character file.

Game seed: 6377353179435846073

123 kae the Insei (level 5, -1/30 HPs)
             Began as a Tengu Transmuter on Nov 12, 2020.
             Slain by an adder (3 damage)
             ... on level 3 of the Dungeon.
             The game lasted 00:00:57 (2430 turns).

kae the Insei (Tengu Transmuter)                    Turns: 2430, Time: 00:00:58

Health: -1/30      AC:  2    Str: 11    XL:     5   Next: 7%
Magic:  9/9        EV: 13    Int: 13    God:
Gold:   102        SH:  0    Dex: 15    Spells: 4/8 levels left

rFire    . . .     SeeInvis .     - Unarmed
rCold    . . .     Faith    .   (no shield)
rNeg     . . .     Spirit   .   a - +0 robe
rPois    .         Reflect  .   (helmet currently unavailable)
rElec    .         Harm     .   (no cloak)
rCorr    .         Rampage  .   (no gloves)
MR       .....                  (boots unavailable)
Stlth    +.........             (no amulet)
HPRegen  0.10/turn              (no ring)
MPRegen  0.11/turn              (no ring)

@: lethally poisoned (-1 -> -6), appendages (expiring), stab, very slightly
contaminated, invisible
A: beak, horns 2, talons 3, able to fly
a: Fly, End Transformation


You were on level 3 of the Dungeon.
You had grown temporary horns.
You visited 1 branch of the dungeon, and saw 3 of its levels.

You collected 102 gold pieces.

Inventory:

Armour
 a - a +0 robe (worn)
Jewellery
 e - an uncursed amulet of the acrobat {unknown}
 g - an uncursed amulet of the acrobat {unknown}
Wands
 i - a wand of polymorph (2)
Scrolls
 d - a scroll of remove curse {unknown}
 f - a scroll of random uselessness {unknown}
 h - a scroll of fear {unknown}


   Skills:
 + Level 2.1 Fighting
 - Level 2.1 Dodging
 + Level 4.0 Unarmed Combat
 - Level 2.0 Spellcasting
 * Level 2.9 Transmutations
 * Level 1.8 Poison Magic


You had 4 spell levels left.
You knew the following spells:

 Your Spells              Type           Power        Failure   Level
a - Beastly Appendage     Tmut           #.....       8%          1
b - Spider Form           Tmut/Pois      #.........   28%         3

Your spell library contained the following spells:

 Spells                   Type           Power        Failure   Level
 Wereblood                Tmut           #.......     12%         2
 Ice Form                 Ice/Tmut       #.......     80%         4
 Blade Hands              Tmut           #.........   91%         5


Dungeon Overview and Level Annotations

Branches:
Dungeon (3/15)

Altars:
Cheibriados
Sif Muna


Innate Abilities, Weirdness & Mutations

You have a beak for a mouth.
You have claws for feet.
You can fly continuously.
You have a pair of horns on your head.


Message History

You feel sick. The adder bites you. x2
* * * LOW HITPOINT WARNING * * *
The adder barely misses you.
You closely miss the adder. You claw the adder, but do no damage.
The adder is heavily wounded.
The adder misses you. The adder barely misses you. The adder bites you.
* * * LOW HITPOINT WARNING * * *
It was a potion of invisibility.
You fade into invisibility!
* * * LOW HITPOINT WARNING * * *
You feel sick. The adder bites you.
* * * LOW HITPOINT WARNING * * *
The adder bites you.
* * * LOW HITPOINT WARNING * * *
You are very lightly contaminated with residual magic.
It was a potion of stabbing.
You feel ready to backstab.
* * * LOW HITPOINT WARNING * * *
You feel sick. The adder bites you.
You die...

..#..#
#.##...#
.....#
#.##)###
#.#.## #....#
#.#.#
#..#####.#
#.#.#
#........#
#.#.#
#####.#######
#.#.# #..!..#
#+#.#
#.....######
....#
#...@.......
....#
+...SS#.####
...##
#.....#.#
...# #.....#
# ...#
#.....# ...#
......# ...#
?.##.... ...#
... ..?.#
####


You could see 2 adders.

Vanquished Creatures
  A worker ant (D:2)
  Terence (D:3)
  2 adders (D:2)
  A worm (D:2)
  2 dart slugs (D:1)
  4 leopard geckos
  2 giant cockroaches
  4 goblins
  6 hobgoblins
  3 jackals (D:1)
  5 bats
  5 frilled lizards
  8 kobolds
  7 rats
51 creatures vanquished.

Notes
Turn   | Place    | Note
-------+----------+-------------------------------------------
     0 | D:1      | kae the Tengu Transmuter began the quest for the Orb.
     0 | D:1      | Reached XP level 1. HP: 12/12 MP: 4/4
   113 | D:1      | Reached XP level 2. HP: 15/16 MP: 6/6
   427 | D:1      | Found a snail-covered altar of Cheibriados.
   644 | D:1      | Reached XP level 3. HP: 14/20 MP: 5/7
   649 | D:1      | Learned a level 3 spell: Spider Form
  1419 | D:2      | Reached skill level 1 in Poison Magic
  1551 | D:2      | Reached XP level 4. HP: 26/26 MP: 6/8
  2027 | D:2      | Found a shimmering blue altar of Sif Muna.
  2334 | D:3      | Noticed Terence
  2341 | D:3      | Killed Terence
  2341 | D:3      | Reached skill level 4 in Unarmed Combat
  2341 | D:3      | Gained mutation: You can fly continuously. [Tengu growth]
  2341 | D:3      | Reached XP level 5. HP: 28/30 MP: 9/9
  2430 | D:3      | Slain by an adder

Illustrated notes

Levels and vault maps discovered:
D:1:      wheals_arrival_linesprint, layout_basic, cheibriados_altar_1
D:2:      layout_loops_cross, lemuel_blue_sif_altar, minmay_misc_feat_x
D:3:      layout_basic, elyvilon_altar_4, okawaru_metal_pillars_1_2,
          uniq_terence

Skill      XL: |  1  2  3  4 |
---------------+-------------+-----
Transmutations | 2 |  2.9
Poison Magic   | 1 |  1.8
Fighting       | 2 |  2.1
Unarmed Combat | 4 |  4.0
Dodging        | |  2.1
Spellcasting   | |  2.0

Action                   |  1- 3 |  4- 6 || total
-------------------------+-------+-------++-------
Melee: Unarmed           |    76 |    43 ||   119
       Kick              |    16 |     5 ||    21
       Headbutt          |     3 |     4 ||     7
       Peck              |     7 |     5 ||    12
       Punch             |     1 |       ||     1
 Cast: Beastly Appendage |    19 |     4 ||    23
  Use: Potion            |       |     2 ||     2
 Stab: Sleeping          |     1 |       ||     1
Armor: Robe              |     5 |     6 ||    11
Dodge: Dodged            |    52 |    29 ||    81

Table legend: (Time is in decaauts)
 A = Elapsed time spent in this place.
 B = Non-inter-level travel time spent in this place.
 C = Inter-level travel time spent in this place.
 D = Time resting spent in this place.
 E = Time spent auto-exploring this place.
 F = Levels seen in this place.
 G = Mean time per level.
                   A        B        C        D        E       F      G
               +--------+--------+--------+--------+--------+-----+--------+
         Total |   2421 |   2341 |     80 |     13 |   2020 |   3 |  807.0 |
       Dungeon |   2421 |   2341 |     80 |     13 |   2020 |   3 |  807.0 |
               +--------+--------+--------+--------+--------+-----+--------+

Top non-repeatable levels by time:
     D:1: 1082 daAuts
     D:2: 1040 daAuts
     D:3: 298 daAuts
